 Dungeon Crawl Stone Soup version 0.29-a0-352-g0917bc69df (webtiles) character file.

Game seed: 16879245382910551077

593 Lekart the Skirmisher (level 7, 0/61 HPs)
             Began as a Yellow Draconian Chaos Knight on Apr 24, 2022.
             Was a Plaything of Xom.
             Killed from afar by Maggie (12 damage)
             ... with a bolt of fire
             ... while paralysed by Maggie
             ... on level 8 of the Dungeon.
             The game lasted 00:08:05 (6036 turns).

Lekart the Skirmisher (DrCK)                        Turns: 6036, Time: 00:08:06

Health: 0/61       AC: 13    Str: 22      XL:     7   Next: 16%
Magic:  0/10       EV:  2    Int: 20      God:    Xom [....*.]
Gold:   156        SH:  0    Dex: 11 (12) Spells: 11/11 levels left

rFire   . . .      SeeInvis .   q - +4 rapier "Untanutoa" {protect, Str+7}
rCold   . . .      Faith    .   y - +0 kite shield
rNeg    . . .      Spirit   +   (body armour unavailable)
rPois   .          Reflect  .   (helmet restricted)
rElec   .          Harm     .   (no cloak)
rCorr   +          Rampage  .   (no gloves)
Will    .....                   (no boots)
Stlth   +.........              c - amulet of guardian spirit
HPRegen 0.20/turn               n - +6 ring of intelligence
MPRegen 0.12/turn               (no ring)

@: paralysed, mighty, short of breath, under a protective aura, mesmerised,
unable to read
A: spit acid, AC +6, unfitting armour, cold-blooded, acid resistance, clever 1,
deterioration 1, inability to read while threatened
a: Breathe Acid, Renounce Religion


You were on level 8 of the Dungeon.
You worshipped Xom.
You were a beloved toy of Xom.
You visited 1 branch of the dungeon, and saw 8 of its levels.

You collected 272 gold pieces.
You spent 116 gold pieces at shops.

Inventory:

Hand Weapons
 a - a +1 vorpal falchion
 q - the +4 rapier "Untanutoa" (weapon) {protect, Str+7}
   (You found it on level 3 of the Dungeon)

   It grants its wielder temporary protection when it strikes (+7 to AC).
   Str:       It affects your strength (+7).
Missiles
 u - 4 javelins
Armour
 k - an orb of light
 y - a +0 kite shield (worn)
Jewellery
 c - an amulet of guardian spirit (around neck)
 e - an amulet of reflection
 f - a +6 ring of dexterity
 m - a ring of willpower
 n - a +6 ring of intelligence (left hand)
 A - an amulet of the acrobat
Wands
 d - a wand of paralysis (7)
 v - a wand of flame (18)
Scrolls
 g - 2 scrolls of magic mapping
 l - a scroll of amnesia
 o - a scroll of enchant weapon
 r - 2 scrolls of fog
 s - 3 scrolls of immolation
 t - a scroll of blinking
Potions
 h - a potion of haste
 i - a potion of brilliance
 p - a potion of lignification
 w - a potion of magic {unknown}
 x - 2 potions of curing
 z - a potion of heal wounds
Miscellaneous
 b - a piece from Xom's chessboard (6/15) (quivered)


   Skills:
 + Level 5.0 Fighting
 + Level 3.4(4.6) Short Blades
 + Level 4.6(5.1) Long Blades
 + Level 3.4 Dodging
 * Level 2.6 Spellcasting
 + Level 0.5 Evocations


You had 11 spell levels left.
You didn't know any spells.
Your spell library contained the following spells:

 Spells                   Type           Power      Damage    Failure   Level
 Animate Skeleton         Necr           4%         N/A       50%         1
 Apportation              Tloc           4%         N/A       50%         1
 Magic Dart               Conj           8%         1d3       50%         1
 Pain                     Necr           8%         1d4       50%         1
 Sting                    Tmut/Pois      8%         1d3       50%         1
 Summon Small Mammal      Summ           8%         N/A       50%         1
 Ensorcelled Hibernation  Hex/Ice        4%         N/A       63%         2
 Passwall                 Tmut/Erth      1%         N/A       63%         2
 Poisonous Vapours        Pois/Air       4%         N/A       63%         2
 Static Discharge         Conj/Air       2%         N/A       63%         2
 Confusing Touch          Hex            2%         N/A       86%         3
 Frozen Ramparts          Ice            4%         1d2       86%         3
 Swiftness                Air            2%         N/A       86%         3
 Tukima's Dance           Hex            2%         N/A       86%         3
 Vampiric Draining        Necr           2%         2d6       86%         3
 Animate Dead             Necr           1%         N/A       99%         4
 Dispel Undead            Necr           2%         3d7       99%         4
 Ice Form                 Ice/Tmut       2%         N/A       99%         4
 Leda's Liquefaction      Hex/Erth       1%         N/A       99%         4
 Olgreb's Toxic Radiance  Pois           2%         N/A       99%         4
 Sticky Flame             Conj/Fire      2%         2d3       99%         4
 Summon Ice Beast         Ice/Summ       2%         N/A       99%         4
 Blade Hands              Tmut           1%         N/A       100%        5
 Irradiate                Conj/Tmut      1%         3d13      100%        5
 Yara's Violent Unravell  Hex/Tmut       1%         3d3       100%        5
 Death Channel            Necr           1%         N/A       100%        6
 Dragon Form              Tmut           1%         N/A       100%        7
 Enfeeble                 Hex            1%         N/A       100%        7
 Haunt                    Necr/Summ      1%         N/A       100%        7
 Infestation              Necr           1%         N/A       100%        8


Dungeon Overview and Level Annotations

Branches:
Dungeon (8/15)             Temple (0/1) D:6
   Lair: D:8-11

Altars:
Gozag
Hepliaklqana
Kikubaaqudgha
Trog
Vehumet
Zin

Shops:
D:3 *   D:6 =

Annotations:
D:8 Maggie


Innate Abilities, Weirdness & Mutations

You can spit globs of acid.
Your golden yellow scales are hard. (AC +6)
You cannot fit into any form of body armour.
You are cold-blooded and may be slowed by cold attacks.
You are resistant to acid. (rCorr)
Your mind is acute. (Int +2)
Your body sometimes deteriorates upon taking damage.
You sometimes lose the ability to read scrolls when taking damage.


Message History

You hit Maggie but do no damage.
Maggie is moderately wounded.
Maggie points at you and mumbles some strange words.
The bolt of fire hits you.
Press: ? - help, Shift-Dir - straight line, f - Maggie
Aim: Maggie, wielding a +3 long sword of distortion, wearing +0 swamp dragon scales and carrying a wand of paralysis (7) (moderately wounded, 69% to hit)
You spit a glob of acid.
The glob of acid hits Maggie!!
The acid corrodes Maggie!
Maggie is heavily wounded.
You hear an angry hiss.
Maggie hits you but does no damage. Space warps horribly around you!!
You feel threatened and lose the ability to read scrolls!
You closely miss Maggie.
Maggie is heavily wounded.
A water moccasin comes into view.
Maggie hits you with a +3 long sword of distortion.
You hit Maggie.
Maggie is heavily wounded.
You block Maggie's attack.
You hit Maggie. You tail-slap Maggie.
Maggie is severely wounded.
Maggie hits you but does no damage. Space warps horribly around you!
You are too injured to fight recklessly!
You barely miss Maggie. You tail-slap Maggie.
Maggie is severely wounded.
Maggie zaps a wand.
You resist with some effort.
Maggie mumbles some strange words.
Maggie attempts to bespell you!
You are mesmerised by Maggie!
You feel very mighty all of a sudden.
Maggie points at you and mumbles some strange words.
The bolt of fire hits you!
* * * LOW HITPOINT WARNING * * *
You puncture Maggie!
Maggie is almost dead.
Maggie zaps a wand.
You suddenly lose the ability to move!
Maggie casts a spell at you. The bolt of fire hits you!
You die...
Xom howls with laughter!

######
#...@#
#.##.@...#
#.#.#.#
#.#.# #..
# ###


You could see Maggie (mesmerising, corroded).

Vanquished Creatures
  A phantom (D:6)
  A bullfrog (D:5)
  A hound (D:6)
  2 jellies
  An orc priest (D:4)
  3 iguanas (D:5)
  An orc wizard (D:6)
  4 gnolls (D:5)
  6 adders
  A river rat (D:2)
  An ufetubus (D:5)
  4 worms
  A dart slug (D:2)
  20 orcs
  3 ball pythons
  5 bats
  6 endoplasms
  6 giant cockroaches
  3 goblins
  5 hobgoblins
  8 jackals
  5 quokkas
  8 frilled lizards (D:1)
  3 kobolds (D:2)
  3 rats
102 creatures vanquished.

Vanquished Creatures (others)
  A phantom (D:6)
1 creature vanquished.

Grand Total: 103 creatures vanquished

Notes
Turn   | Place    | Note
-------+----------+-------------------------------------------
     0 | D:1      | Lekart the Draconian Chaos Knight began the quest for the
                  | Orb.
     0 | D:1      | Reached XP level 1. HP: 19/19 MP: 1/1
    15 | D:1      | XOM: silly message
   674 | D:1      | Reached XP level 2. HP: 26/26 MP: 2/2
   820 | D:1      | XOM: 4-stop teleportation journey
  1292 | D:2      | Reached XP level 3. HP: 33/33 MP: 2/4
  1515 | D:2      | Reached skill level 1 in Spellcasting
  1524 | D:2      | Got Hamaecw's Grimoire of Entrancing Sinister Magic
  1531 | D:2      | Reached XP level 4. HP: 40/40 MP: 5/5
  1895 | D:2      | Identified the +1 ring mail of the Ace of Swords {rF+ Str-2
                  | Slay+3}
  1940 | D:2      | XOM: snakes to sticks
  2151 | D:2      | XOM: 4-stop teleportation journey
  2351 | D:3      | Identified the +4 rapier "Untanutoa" {protect, Str+7}
  2383 | D:3      | Found Reaxkouss's Assorted Antiques.
  2391 | D:3      | Bought a red potion for 28 gold pieces
  2391 | D:3      | Bought a fizzy red potion for 28 gold pieces
  2391 | D:3      | Bought a coppery potion for 28 gold pieces
  2391 | D:3      | Bought a scroll labelled TAIHIU PABREMI for 32 gold pieces
  2596 | D:3      | Found a glowing silver altar of Zin.
  2950 | D:3      | XOM: torment (23/40 hp)
  3201 | D:3      | Reached XP level 5. HP: 42/46 MP: 5/7
  3319 | D:3      | Got the Grimoire of Excruciating Necromancy
  3568 | D:4      | XOM: 2-stop teleportation journey
  3667 | D:4      | Reached skill level 4 in Fighting
  3788 | D:4      | Reached skill level 1 in Short Blades
  4073 | D:5      | Entered Level 5 of the Dungeon
  4162 | D:5      | Found a hazy altar of Hepliaklqana.
  4261 | D:5      | XOM: noise
  4284 | D:5      | Reached XP level 6. HP: 40/52 MP: 7/9
  4363 | D:5      | Found a radiant altar of Vehumet.
  4594 | D:5      | Found a bloodstained altar of Trog.
  4659 | D:5      | XOM: give mutations
  4659 | D:5      | Gained mutation: You are frail. (-10% HP) [Xom's mischief]
  4659 | D:5      | Gained mutation: You are agile. (Dex +2) [Xom's mischief]
  4659 | D:5      | Gained mutation: You have hidden genetic potential. [Xom's
                  | mischief]
  4659 | D:5      | Gained mutation: You sometimes lose the ability to read
                  | scrolls when taking damage. [Xom's mischief]
  5166 | D:6      | Lost mutation: You are frail. (-10% HP) [potion of
                  | mutation]
  5166 | D:6      | Lost mutation: You are agile. (Dex +2) [potion of mutation]
  5166 | D:6      | Lost mutation: You have hidden genetic potential. [potion
                  | of mutation]
  5166 | D:6      | Gained mutation: Your body sometimes deteriorates upon
                  | taking damage. [potion of mutation]
  5166 | D:6      | Gained mutation: Your mind is acute. (Int +2) [potion of
                  | mutation]
  5222 | D:6      | XOM: divination: magic mapping
  5284 | D:6      | Reached skill level 5 in Fighting
  5284 | D:6      | Your scales start taking on a golden yellow colour.
  5284 | D:6      | Reached XP level 7. HP: 59/61 MP: 7/10
  5284 | D:6      | Gained mutation: You are resistant to acid. (rCorr) [Yellow
                  | Draconian growth]
  5292 | D:6      | XOM: divine lightning
  5574 | D:6      | Found an ancient bone altar of Kikubaaqudgha.
  5598 | D:6      | Found an opulent altar of Gozag.
  5707 | D:6      | Found a staircase to the Ecumenical Temple.
  5912 | D:6      | Found Xutyelis's Jewellery Boutique.
  6025 | D:8      | Noticed Maggie
  6035 | D:8      | Paralysed by Maggie for 2 turns
  6036 | D:8      | Killed from afar by Maggie

Illustrated notes

Levels and vault maps discovered:
D:1:      amcnicky_arrival_wind_blow, layout_loops_cross, minmay_lizard_pond
D:2:      layout_rooms, minmay_hexomino_p4
D:3:      layout_basic, zin_academy, serial_shops, shop_fountains, nrook_uturn,
          minmay_checkerbox
D:4:      layout_loops_ring
D:5:      layout_gridville, mainiacjoe_overflow_catwalk, vehumet_altar_wand_db,
          bloody_trog
D:6:      layout_rooms, grunt_gozag_breadcrumbs,
          nicolae_kikubaaqudgha_miasma_corner, minmay_temple_entry_wispy,
          serial_shops, nicolae_take_the_stairs
D:7:      layout_cave_pools, kennysheep_generic_room_14
D:8:      layout_basic, uniq_erica, uniq_maggie, uniq_pikel, uniq_gastronok,
          uniq_grum

Skill      XL: |  1  2  3  4  5  6 |
---------------+-------------------+-----
Spellcasting   | 1 2 |  2.6
Long Blades    | 4 |  4.6
Fighting       | 4 5 |  5.0
Short Blades   | 2 3 |  3.4
Dodging        | 3 |  3.4
Evocations     | |  0.5

Action                   |  1- 3 |  4- 6 |  7- 9 || total
-------------------------+-------+-------+-------++-------
Melee: Falchion          |    93 |    46 |       ||   139
       Tailslap          |    12 |    24 |     4 ||    40
       Punch             |     1 |       |       ||     1
       Rapier            |       |   140 |    27 ||   167
 Abil: Breathe Acid      |       |       |     1 ||     1
Evoke: Piece from Xom's  |       |     8 |     4 ||    12
  Use: Scroll            |       |    14 |       ||    14
       Potion            |       |     6 |     1 ||     7
 Stab: Paralysed         |     1 |     2 |       ||     3
       Sleeping          |       |       |     1 ||     1
Armor: Skin              |    25 |    83 |    11 ||   119
Dodge: Dodged            |    62 |    96 |    10 ||   168
Block: Kite shield       |       |     3 |     7 ||    10

Table legend: (Time is in decaauts)
 A = Elapsed time spent in this place.
 B = Non-inter-level travel time spent in this place.
 C = Inter-level travel time spent in this place.
 D = Time resting spent in this place.
 E = Time spent auto-exploring this place.
 F = Levels seen in this place.
 G = Mean time per level.
                   A        B        C        D        E       F      G
               +--------+--------+--------+--------+--------+-----+--------+
         Total |   6051 |   5893 |    158 |    314 |   4744 |   8 |  756.4 |
       Dungeon |   6051 |   5893 |    158 |    314 |   4744 |   8 |  756.4 |
               +--------+--------+--------+--------+--------+-----+--------+

Top non-repeatable levels by time:
     D:1: 1236 daAuts
     D:3: 1162 daAuts
     D:5: 1071 daAuts
     D:2: 1043 daAuts
     D:6: 851 daAuts
     D:4: 638 daAuts
     D:7: 35 daAuts
     D:8: 12 daAuts
